AoeStats
← Malik Bhai

MegaRandom

507713210Analyzed
4v4 RM · 12d ago on Sep 19, 2026· 41m 2s· 8 players
Game mode
Random Map
Map size
Large (8 player)
Population
200
Speed
Normal
Resources
Standard
Victory
Conquest
Starting age
Dark Age
Ending age
Imperial Age
RankedLock teamsTeams togetherTeam positionsShared explorationLock speedFull tech treeHidden civsTurbo modeCheats
Victory
Defeat
🇦🇷 Mongols · Argentina
1921
+4
🇳🇱 Huns · Netherlands
1850
+6
🇨🇳 Shu · China
1783
+8
🇻🇳 Maya · Vietnam
1716
+10
🇮🇳 Japanese · India
1653
-9
🇳🇴 Lithuanians · Norway
1583
-7
🇵🇰 Bohemians · Pakistan
1571
-6
🇵🇰 Mongols · Pakistan
1548
-6
Fish
11:00 Feudal Age
14:29 Castle Age
12:25 Double-Bit Axe
12:49 Horse Collar
15:34 Bow Saw
19:14 Loom
20:22 Wheelbarrow
23:38 Stone Mining
27:23 Imperial Age
24:50 Fletching
25:21 Ballistics
25:47 Hand Cart
26:23 Bodkin Arrow
27:31 Padded Archer Armor
27:23 Town Watch
29:21 Chemistry
29:36 Elite Mangudai
30:50 Bracer
31:44 Conscription
32:10 Leather Archer Armor
32:06 Bloodlines
31:57 Husbandry
34:40 Parthian Tactics
35:20 Coinage
36:53 Banking
38:00 Thumb Ring
PraYs
10:08 Feudal Age
13:43 Castle Age
11:44 Double-Bit Axe
12:31 Horse Collar
14:38 Bow Saw
21:28 Wheelbarrow
21:14 Heavy Plow
22:00 Gold Mining
24:02 Gold Shaft Mining
23:50 Hand Cart
27:44 Imperial Age
25:01 Loom
25:09 Town Watch
25:24 Stone Mining
25:40 Scale Barding Armor
25:46 Forging
27:00 Chain Barding Armor
27:01 Bloodlines
26:51 Husbandry
27:02 Light Cavalry
28:05 Cavalier
29:38 Iron Casting
29:51 Hussar
32:57 Plate Barding Armor
32:42 Capped Ram
34:32 Two-Man Saw
33:46 Paladin
34:45 Caravan
35:00 Siege Ram
36:09 Conscription
36:59 Blast Furnace
36:41 Fletching
41:22 Masonry
41:33 Ballistics
41:08 Murder Holes
42:14 Chemistry
EmRatGa
10:58 Feudal Age
14:40 Castle Age
13:09 Double-Bit Axe
13:06 Horse Collar
16:51 Bow Saw
24:54 Fletching
32:54 Imperial Age
30:50 Gold Mining
30:53 Loom
31:44 Wheelbarrow
32:21 Stone Mining
32:45 Bodkin Arrow
33:52 Bracer
37:02 Chemistry
36:23 Ballistics
36:25 Elite Plumed Archer
38:37 Two-Man Saw
39:02 Conscription
39:24 Onager
40:37 Heavy Plow
41:13 Stone Shaft Mining
41:03 Hand Cart
端木木木木木
10:45 Feudal Age
12:09 Wheelbarrow
15:46 Castle Age
13:41 Double-Bit Axe
14:26 Horse Collar
20:05 Loom
30:08 Imperial Age
34:12 Hand Cart
34:09 Bow Saw
34:03 Heavy Plow
35:50 Fletching
36:58 Gold Mining
37:16 Town Watch
37:48 Fletching
37:59 Padded Archer Armor
39:15 Two-Man Saw
38:33 Bodkin Arrow
39:51 Bracer
40:09 Bolt Magazine
40:48 Gold Shaft Mining
39:57 Crossbowman
40:34 Arbalester
41:38 Thumb Ring
Combo Darinda
11:18 Feudal Age
15:25 Castle Age
13:41 Double-Bit Axe
14:13 Horse Collar
15:34 Bloodlines
16:24 Husbandry
22:57 Wheelbarrow
22:48 Bow Saw
24:13 Hand Cart
30:46 Imperial Age
28:41 Scale Barding Armor
28:55 Heavy Plow
28:46 Gold Mining
28:47 Stone Mining
29:20 Forging
30:01 Chain Barding Armor
30:13 Loom
30:13 Town Watch
30:56 Cavalier
32:33 Plate Barding Armor
33:29 Iron Casting
32:21 Cavalier
33:12 Fletching
34:51 Paladin
Irtaza Darinda
11:53 Feudal Age
12:27 Double-Bit Axe
15:24 Castle Age
13:09 Horse Collar
17:08 Bow Saw
23:25 Heavy Plow
23:47 Loom
24:38 Wheelbarrow
24:12 Town Watch
25:11 Stone Mining
25:12 Gold Mining
29:42 Imperial Age
28:14 Padded Archer Armor
28:06 Fletching
29:27 Leather Archer Armor
29:34 Ballistics
29:54 Bodkin Arrow
30:11 Husbandry
30:21 Bloodlines
30:18 Thumb Ring
30:10 Elite Mangudai
31:57 Chemistry
31:20 Bracer
32:26 Gold Shaft Mining
32:27 Stone Shaft Mining
34:57 Conscription
38:34 Parthian Tactics
Burt Macklin
7:43 Loom
12:19 Feudal Age
13:46 Town Watch
16:27 Castle Age
14:43 Double-Bit Axe
20:07 Fletching
21:15 Bodkin Arrow
28:19 Horse Collar
32:47 Imperial Age
30:55 Ballistics
31:05 Bow Saw
31:04 Gold Mining
31:43 Yasama
32:23 Guard Tower
33:07 Stone Mining
33:37 Bracer
34:28 Keep
35:22 Chemistry
35:26 Wheelbarrow
35:56 Arrowslits
36:21 Scale Mail Armor
37:57 Two-Man Saw
37:52 Heavy Plow
38:31 Hand Cart
39:49 Town Patrol
40:18 Chain Mail Armor
40:13 Forging
40:13 Pikeman
40:54 Squires
41:29 Conscription
41:08 Treadmill Crane
41:39 Masonry
Malik Bhai
12:27 Feudal Age
16:23 Castle Age
15:22 Loom
17:33 Double-Bit Axe
17:29 Horse Collar
20:32 Fletching
21:45 Redemption
22:57 Sanctity
Connection lost

Rejoining the realm…

Still unreachable

The connection could not be restored.

Session expired

The server has moved on; the page needs a fresh start.